 Dungeon Crawl Stone Soup version 0.23.1 (webtiles) character file.

Game seed: 3076686956904834006

3632 Honti the Arsonist (level 9, 0/68 HPs)
             Began as a Purple Draconian Fire Elementalist on Mar 14, 2019.
             Was an Initiate of Vehumet.
             Succumbed to a killer bee's poison
             ... on level 7 of the Dungeon.
             The game lasted 00:29:53 (10445 turns).

Honti the Arsonist (DrFE)                          Turns: 10445, Time: 00:29:53

Health: 0/68       AC:  7    Str: 10    XL:     9   Next: 87%
Magic:  19/19      EV: 12    Int: 19    God:    Vehumet [......]
Gold:   352        SH:  0    Dex: 12    Spells: 9/22 levels left

rFire    . . .     SeeInvis .   w - +0 whip (flame)
rCold    . . .     Gourm    .   (no shield)
rNeg     . . .     Faith    .   (armour unavailable)
rPois    .         Spirit   .   (helmet restricted)
rElec    .         Reflect  .   B - scarf {repulsion}
rCorr    .         Harm     .   (no gloves)
MR       +....                  (no boots)
Stlth    +++.......             (no amulet)
HPRegen  0.21/turn              C - ring of stealth
MPRegen  0.16/turn              (no ring)

@: lethally poisoned (0 -> -15), repel missiles
A: breathe power, unfitting armour, cold-blooded, AC +7
a: Breathe Dispelling Energy, Renounce Religion


You were on level 7 of the Dungeon.
You worshipped Vehumet.
Vehumet was noncommittal.
You were not hungry.

You visited 2 branches of the dungeon, and saw 9 of its levels.

You collected 352 gold pieces.

Inventory:

Hand Weapons
 g - a +0 hunting sling
 o - a +3 dagger
 w - a +0 whip of flaming (weapon)
Missiles
 h - 54 sling bullets
 s - 145 stones (quivered)
 z - a throwing net
Armour
 B - a scarf of repulsion (worn)
Jewellery
 r - an uncursed ring of ice
 C - a ring of stealth (left hand)
Wands
 c - a wand of scattershot (4)
 x - a wand of paralysis (7)
 y - a wand of iceblast (10)
 D - a wand of disintegration (22)
Scrolls
 b - 2 scrolls of magic mapping {unknown}
 d - a scroll of blinking {unknown}
 e - 4 scrolls of remove curse
 i - 2 scrolls of noise {unknown}
 m - 2 scrolls of teleportation {unknown}
 n - a scroll of fear {unknown}
 q - 2 scrolls of enchant armour {unknown}
 v - a scroll of amnesia {unknown}
 E - 2 scrolls of identify
Potions
 a - 2 potions of magic
 f - 5 potions of mutation
 j - 2 potions of agility
 k - a potion of lignification
 l - 2 potions of ambrosia
 p - 6 potions of heal wounds {unknown}
 u - a potion of cancellation {unknown}
 A - 3 potions of haste
 F - a potion of curing {unknown}
Comestibles
 t - 6 rations
 G - 2 chunks of flesh


   Skills:
 + Level 2.4 Fighting
 - Level 1.7 Dodging
 - Level 1.7 Stealth
 + Level 7.1 Spellcasting
 * Level 8.8 Conjurations
 * Level 9.2 Fire Magic
 + Level 2.4 Evocations


You had 9 spell levels left.
You knew the following spells:

 Your Spells              Type           Power        Failure   Level  Hunger
a - Flame Tongue          Conj/Fire      #####        1%          1    None
b - Conjure Flame         Conj/Fire      #####...     1%          3    #......
c - Sticky Flame          Conj/Fire      #####...     2%          4    ###....
d - Fireball              Conj/Fire      #####.....   7%          5    #####..

Your spell library contained the following spells:

 Spells                   Type           Power        Failure   Level  Hunger
 Throw Flame              Conj/Fire      #####.       1%          2    None
 Inner Flame              Hex/Fire       ###.....     4%          3    #......


Dungeon Overview and Level Annotations

Branches:
Dungeon (8/15)             Temple (1/1) D:7
   Lair: D:8-11

Altars:
Ashenzari
Cheibriados
Dithmenos
Elyvilon
Fedhas
Gozag
Hepliaklqana
Kikubaaqudgha
Makhleb
Nemelex Xobeh
Okawaru
Qazlal
Ru
Sif Muna
Trog
Uskayaw
Vehumet
Wu Jian
Xom
Yredelemnul
Zin
The Shining One

Annotations:
D:3 1 runed translucent door


Innate Abilities, Weirdness & Mutations

You can breathe bolts of dispelling energy.
Your rich purple scales are hard. (AC +7)
You cannot fit into any form of body armour.
You are cold-blooded and may be slowed by cold attacks.


Message History

The killer bee stings you.
* * * LOW HITPOINT WARNING * * *
You are lethally poisoned!
The killer bee poisons you!
* * * LOW HITPOINT WARNING * * *
You feel sick.
The killer bee stings you but does no damage.
* * * LOW HITPOINT WARNING * * *
You feel sick. The killer bee stings you.
* * * LOW HITPOINT WARNING * * *
You are more poisoned.
The killer bee poisons you! The killer bee barely misses you.
There is a stone staircase leading up, spattered with blood here.
* * * LOW HITPOINT WARNING * * *
You feel sick.
The killer bee stings you but does no damage.
The killer bee barely misses you. The killer bee closely misses you.
The killer bee barely misses you.
You climb upwards.
You die...

#.# #.# #.# #.# #.# ####.# #.#
#.)..# #.###########.##.#
##..........##.##.#######
.(......###.##.##.##....#
##.#.##.###.##.....'..<.#
...............y@.##....#
.....^.[.........y##....#
#..#.##.###..##################
#..#....###.....)......[..(...#
#..#.#####....#################
.........#....#
#.............########
.....................#
.....###[#...........#


You could see 2 killer bees.

Vanquished Creatures
  A two-headed ogre (D:7)
  Pikel (D:4)
  A hippogriff (D:7)
  An orc warrior (D:6)
  2 ice beasts
  2 sky beasts
  A black bear (D:8)
  2 ogres
  3 phantoms
  A bullfrog (D:7)
  A water moccasin zombie (D:8)
  A killer bee (D:8)
  3 wights (D:8)
  A howler monkey (D:4)
  2 crimson imps
  2 jellies
  5 hounds
  3 orc priests
  2 centaur skeletons
  6 orc wizards
  Jessica (D:2)
  An iguana (D:7)
  Natasha (thrice) (D:4)
  3 worker ants (D:6)
  A hound skeleton (D:6)
  A mummy (D:4)
  9 adders
  A shadow imp (D:6)
  An ooze (D:6)
  3 adder zombies
  An adder skeleton (D:8)
  7 worms
  4 leopard geckos
  17 orcs
  5 bats
  7 giant cockroaches
  6 goblins
  5 hobgoblins
  6 kobolds
  A quokka (D:3)
  3 ball pythons
  A frilled lizard (D:1)
  3 goblin skeletons (D:4)
  A goblin zombie (D:4)
  2 kobold zombies (D:4)
  2 orc skeletons (D:4)
  An orc zombie (D:4)
  6 rats
143 creatures vanquished.

Vanquished Creatures (others)
  Eustachio (D:4)
1 creature vanquished.

Grand Total: 144 creatures vanquished

Notes
Turn   | Place    | Note
-------+----------+-------------------------------------------
     0 | D:1      | Honti the Draconian Fire Elementalist began the quest for
                  | the Orb.
     0 | D:1      | Reached XP level 1. HP: 14/14 MP: 3/3
   334 | D:1      | Reached XP level 2. HP: 17/20 MP: 0/5
  1176 | D:2      | Reached XP level 3. HP: 26/26 MP: 3/6
  1743 | D:2      | Learned a level 3 spell: Conjure Flame
  1886 | D:2      | Noticed Jessica
  2214 | D:2      | Killed Jessica
  2214 | D:2      | Reached XP level 4. HP: 29/33 MP: 0/7
  2259 | D:2      | Reached skill level 4 in Fire Magic
  2840 | D:2      | Reached XP level 5. HP: 18/38 MP: 2/9
  3392 | D:3      | Found a white marble altar of Elyvilon.
  3392 | D:3      | Found a runed translucent door.
  3392 | D:3      | Noticed an angel
  3898 | D:4      | Noticed Natasha
  3903 | D:4      | Killed Natasha
  3991 | D:4      | Found a glowing golden altar of the Shining One.
  4068 | D:4      | Reached XP level 6. HP: 41/45 MP: 6/10
  4110 | D:4      | Noticed Natasha
  4114 | D:4      | Killed Natasha
  4123 | D:4      | Noticed Natasha
  4128 | D:4      | Killed Natasha
  4246 | D:4      | Reached skill level 5 in Fire Magic
  4732 | D:4      | Noticed a slave
  4732 | D:4      | Noticed a slave
  4732 | D:4      | Noticed a slave
  4733 | D:4      | Noticed Pikel
  4757 | D:4      | Killed Pikel
  4757 | D:4      | Reached skill level 5 in Conjurations
  4757 | D:4      | Reached skill level 6 in Fire Magic
  4757 | D:4      | Your scales start taking on a rich purple colour.
  4757 | D:4      | Reached skill level 5 in Spellcasting
  4757 | D:4      | Reached XP level 7. HP: 32/50 MP: 4/14
  4764 | D:4      | Noticed Eustachio
  4776 | D:4      | Killed Eustachio
  5052 | D:4      | Learned a level 4 spell: Sticky Flame
  5058 | D:4      | Learned a level 5 spell: Fireball
  5339 | D:5      | Entered Level 5 of the Dungeon
  5367 | D:5      | Reached XP level 8. HP: 43/57 MP: 11/15
  6156 | D:5      | Reached skill level 7 in Fire Magic
  6227 | D:5      | Found a hazy altar of Hepliaklqana.
  7798 | D:6      | Reached skill level 8 in Fire Magic
  7798 | D:6      | Reached XP level 9. HP: 62/62 MP: 6/18
  8261 | D:7      | Found a staircase to the Ecumenical Temple.
  8268 | Temple   | Entered the Ecumenical Temple
  8368 | Temple   | Became a worshipper of Vehumet
  9969 | D:8      | Reached skill level 1 in Evocations
 10066 | D:8      | Reached skill level 1 in Fighting
 10105 | D:8      | Noticed a two-headed ogre
 10199 | D:7      | Killed a two-headed ogre
 10199 | D:7      | Reached skill level 9 in Fire Magic
 10444 | D:8      | HP: 2/68 [poisoned by a killer bee]
 10445 | D:7      | Succumbed to a killer bee's poison

Skill      XL: |  1  2  3  4  5  6  7  8  9 |
---------------+----------------------------+-----
Conjurations   | 2 3 5 7 8 |  8.8
Fire Magic     | 4 6 8 9 |  9.2
Spellcasting   | 3 5 6 7 |  7.1
Evocations     | 2 |  2.4
Fighting       | 2 |  2.4
Dodging        | |  1.7
Stealth        | |  1.7

Action                   |  1- 3 |  4- 6 |  7- 9 || total
-------------------------+-------+-------+-------++-------
Melee: Unarmed           |    12 |       |       ||    12
       Dagger            |    21 |    32 |       ||    53
       Tailslap          |     3 |     4 |    23 ||    30
       Whip              |       |       |   231 ||   231
 Fire: Hunting sling     |    26 |    57 |       ||    83
 Cast: Flame Tongue      |    51 |    88 |   185 ||   324
       Conjure Flame     |       |     2 |     9 ||    11
       Sticky Flame      |       |       |    12 ||    12
  Use: Potion            |     1 |       |     1 ||     2
       Scroll            |       |     5 |     3 ||     8
 Stab: Sleeping          |       |       |     3 ||     3
  Eat: Chunk             |     4 |     1 |    15 ||    20
       Ration            |     1 |     1 |     2 ||     4
Armor: Skin              |    17 |    28 |   111 ||   156
Dodge: Dodged            |    36 |    35 |   185 ||   256
       Deflected         |       |       |     3 ||     3
